 Dungeon Crawl Stone Soup version 0.31.0-9-g3a7656b989 (webtiles) character file.

Game seed: 13173863166583757846

177 Peloso the Covered (level 5, 0/47 HPs)
             Began as a Minotaur Fighter on Feb 5, 2024.
             Slain by a lemure (3 damage)
             ... led by Pikel
             ... on level 4 of the Dungeon.
             The game lasted 00:03:46 (2709 turns).

Peloso the Covered (Minotaur Fighter)               Turns: 2709, Time: 00:03:46

Health: 0/47       AC:  8    Str: 20    XL:     5   Next: 31%
Magic:  4/4        EV:  9    Int:  5    God:
Gold:   155        SH:  5    Dex: 12    Spells: 4/4 levels left

rFire   . . .        a - +1 long sword
rCold   . . .        c - +0 buckler
rNeg    . . .        b - +0 scale mail
rPois   .            k - +1 hat
rElec   .            (no cloak)
rCorr   .            (no gloves)
SInv    .            (no boots)
Will    .....        g - amulet of regeneration Stlth
                     (no ring)
HPRegen 1.07/turn    (no ring)
MPRegen 0.09/turn

%: no passive effects
@: no status effects
A: horns 2, retaliatory headbutt
a: no special abilities


You were on level 4 of the Dungeon.
You visited 2 branches of the dungeon, and saw 5 of its levels.

You collected 155 gold pieces.

Inventory:

Hand Weapons
 a - a +1 long sword (weapon)
Armour
 b - a +0 scale mail (worn)
 c - a +0 buckler (worn)
 k - a +1 hat (worn)
Jewellery
 g - an amulet of regeneration (around neck)
 q - a ring of positive energy
 t - an amulet of guardian spirit
 y - an amulet of the acrobat
Wands
 u - a wand of flame (14)
 v - a wand of quicksilver (9)
Scrolls
 e - a scroll of torment {unknown}
 f - a scroll of revelation {unknown}
 h - a scroll of enchant weapon
 i - 2 scrolls of noise {unknown}
 j - a scroll of fear {unknown}
 m - a scroll of fog
 r - a scroll of teleportation {unknown}
 w - a scroll of enchant armour {unknown}
 x - a scroll of vulnerability {unknown}
Potions
 d - a potion of might
 n - a potion of magic {unknown}
 o - a potion of cancellation {unknown}
 p - a potion of attraction
 s - a potion of mutation {unknown}


   Skills:
 + Level 4.4 Fighting
 + Level 4.1 Long Blades
 + Level 5.0 Armour
 + Level 1.0 Dodging
 + Level 0.1 Stealth
 + Level 4.4 Shields


You had 4 spell levels left.
You didn't know any spells.
Your spell library contained the following spells:

 Spells                   Type           Power      Damage    Failure   Level
 Call Imp                 Summ           0%         N/A       95%         2
 Sublimation of Blood     Necr           0%         N/A       95%         2
 Hailstorm                Conj/Ice       0%         3d5       99%         3
 Summon Ice Beast         Ice/Summ       0%         N/A       99%         3
 Sculpt Simulacrum        Ice/Alch       0%         N/A       100%        6
 Summon Hydra             Summ           0%         N/A       100%        7


Dungeon Overview and Level Annotations

Branches:
Dungeon (4/15)             Temple (1/1) D:4

Altars:
Ashenzari
Cheibriados
Dithmenos
Elyvilon
Fedhas
Hepliaklqana
Makhleb
Nemelex Xobeh
Qazlal
Ru
Sif Muna
Trog
Wu Jian
Xom
Yredelemnul
Zin
The Shining One

Annotations:
D:2 1 runed translucent door, Crazy Yiuf
D:4 Pikel


Innate Abilities, Weirdness & Mutations

You have a pair of horns on your head.
You reflexively headbutt those who attack you in melee.


Message History

Pikel cracks his whip.
Pikel hits you with a +1 whip of flaming.
Pikel burns you.
You slash Pikel! You headbutt Pikel, but do no damage.
Pikel is heavily wounded.
The lemure barely misses you. Pikel closely misses you.
You hit Pikel but do no damage.
Pikel is heavily wounded.
Pikel hits you but does no damage. You block the lemure's attack.
Unknown command.
You closely miss Pikel.
Pikel is heavily wounded.
Pikel hits you with a +1 whip of flaming!
* * * LOW HITPOINT WARNING * * *
Pikel burns you.
* * * LOW HITPOINT WARNING * * *
The lemure hits you but does no damage. The lemure hits you!
* * * LOW HITPOINT WARNING * * *
Okay, then.
Okay, then.
It was a potion of heal wounds.
You feel much better. You block Pikel's attack. The lemure hits you.
The lemure barely misses you.
You hit Pikel.
Pikel is heavily wounded.
Pikel hits you with a +1 whip of flaming.
Pikel burns you. The lemure hits you. The lemure hits you but does no damage.
Pikel hits you with a +1 whip of flaming.
Pikel burns you.
* * * LOW HITPOINT WARNING * * *
The lemure hits you but does no damage.
You slash Pikel!
Pikel is severely wounded.
The lemure hits you.
* * * LOW HITPOINT WARNING * * *
Pikel hits you with a +1 whip of flaming.
* * * LOW HITPOINT WARNING * * *
Pikel burns you.
* * * LOW HITPOINT WARNING * * *
The lemure hits you.
You die...

#................#
#....##.......##.#
..............## #
..###....###...#.#
......##.......#.#
#..##............
..............>##
...#####......5####
#.............5K@5#
...............##5#
#.#######........g..
.......#..#...........
..#....#.###..≈≈≈≈≈≈≈.≈≈
.......5.# ##.≈.....≈...
..#....### #.≈.≈≈≈.≈≈≈≈
..#....# ..≈.≈_≈.≈g.. .
#....# .≈.≈.≈


You could see Pikel, 4 lemures, a hobgoblin and a goblin.

Vanquished Creatures
  A hound (Temple)
  Jessica (D:2)
  An iguana (D:4)
  Natasha (D:2)
  An adder (D:4)
  A ribbon worm (D:2)
  2 dart slugs
  5 bats
  7 endoplasms
  4 giant cockroaches
  10 goblins
  4 hobgoblins
  A quokka (D:1)
  7 ball pythons
  2 frilled lizards
  4 kobolds
  3 rats
55 creatures vanquished.

Vanquished Creatures (others)
  A rat (D:1)
1 creature vanquished.

Grand Total: 56 creatures vanquished

Notes
Turn   | Place    | Note
-------+----------+-------------------------------------------
     0 | D:1      | Peloso the Minotaur Fighter began the quest for the Orb.
     0 | D:1      | Reached XP level 1. HP: 19/19 MP: 0/0
   389 | D:1      | Reached XP level 2. HP: 25/27 MP: 1/1
   767 | D:1      | Reached skill level 4 in Armour
  1038 | D:2      | Found a sacrificial altar of Ru.
  1211 | D:2      | Noticed Natasha
  1215 | D:2      | Killed Natasha
  1216 | D:2      | Reached XP level 3. HP: 33/33 MP: 2/2
  1522 | D:2      | Noticed Jessica
  1533 | D:2      | Killed Jessica
  1534 | D:2      | Reached XP level 4. HP: 40/40 MP: 3/3
  1582 | D:2      | Found a runed translucent door.
  1583 | D:2      | Noticed Crazy Yiuf
  1986 | D:3      | Found a burning altar of Makhleb.
  1987 | D:3      | Found a glowing golden altar of the Shining One.
  2396 | D:4      | Found a staircase to the Ecumenical Temple.
  2405 | Temple   | Entered the Ecumenical Temple
  2472 | D:4      | Found a sparkling altar of Nemelex Xobeh.
  2476 | D:4      | Reached XP level 5. HP: 47/47 MP: 4/4
  2571 | D:4      | Reached skill level 1 in Dodging
  2675 | D:4      | Noticed a lemure
  2675 | D:4      | Noticed a lemure
  2675 | D:4      | Noticed a lemure
  2675 | D:4      | Noticed a lemure
  2675 | D:4      | Noticed Pikel
  2684 | D:4      | Reached skill level 5 in Armour
  2689 | D:4      | Found a white marble altar of Elyvilon.
  2706 | D:4      | HP: 1/47 [lemure[Pikel] (8)]
  2709 | D:4      | Slain by a lemure

Illustrated notes

Levels and vault maps discovered:
D:1:      dpeg_arrival_signposts, layout_loops_corners, grunt_decor_clamped,
          kennysheep_decorative_pillar
D:2:      layout_loops_ring, basic_altar, uniq_crazy_yiuf_cottage, uniq_jessica,
          uniq_natasha
D:3:      kennysheep_the_goblin_king, layout_rooms, minitemple
D:4:      layout_rooms, kennysheep_little_box,
          mainiacjoe_overflow_catwalk_spiral, nemelex_xobeh_ov_fountains_minmay,
          minmay_temple_entry_mist, minmay_fire_ice_demons, uniq_pikel
Temple:   chequers_temple_sunken

Skill      XL: |  1  2  3  4  5 |
---------------+----------------+-----
Shields        | 4 |  4.4
Armour         | 4 5 |  5.0
Fighting       | 4 |  4.4
Long Blades    | 3 4 |  4.1
Dodging        | 1 |  1.0
Stealth        | |  0.1

Action                     |  1- 3 |  4- 6 || total
---------------------------+-------+-------++-------
  Melee: Long sword        |    60 |    73 ||   133
         Headbutt          |     7 |     8 ||    15
    Use: Potion            |     3 |     2 ||     5
         Scroll            |       |     2 ||     2
 Armour: Scale mail        |    44 |    71 ||   115
  Dodge: Dodged            |    30 |    38 ||    68
  Block: Buckler           |    18 |    27 ||    45
